 Dungeon Crawl Stone Soup version 0.28.0-49-g6dfe1f597d (webtiles) character file.

Game seed: 10896124577800776490

296 Zeld the Sneak (level 6, -5/54 HPs)
             Began as a Naga Venom Mage on May 15, 2022.
             Slain by an ogre
             ... wielding a +0 giant club
              (17 damage)
             ... on level 4 of the Dungeon.
             The game lasted 00:07:07 (6831 turns).

Zeld the Sneak (Naga Venom Mage)                    Turns: 6831, Time: 00:07:07

Health: -5/54      AC:  9    Str: 13    XL:     6   Next: 34%
Magic:  0/10       EV:  8    Int: 15    God:
Gold:   164        SH:  0    Dex: 11    Spells: 0/10 levels left

rFire   . . .      SeeInvis +   a - +4 dagger
rCold   . . .      Faith    .   (no shield)
rNeg    . . .      Spirit   .   p - +0 robe
rPois   +          Reflect  .   (no helmet)
rElec   .          Harm     .   (no cloak)
rCorr   .          Rampage  .   i - +0 pair of gloves
Will    .....                   g - +1 barding
Stlth   +++.......              (no amulet)
HPRegen 0.18/turn               (no ring)
MPRegen 0.12/turn               (no ring)

@: very slow
A: AC +2, large, see invisible, deformed body, poison resistance, slowness 2,
spit poison 1, naga tail 1
a: Spit Poison


You were on level 4 of the Dungeon.
You visited 1 branch of the dungeon, and saw 4 of its levels.

You collected 164 gold pieces.

Inventory:

Hand Weapons
 a - a +4 dagger (weapon)
Missiles
 l - 6 poisoned darts (quivered)
Armour
 g - a +1 barding (worn)
 i - a +0 pair of gloves (worn)
 p - a +0 robe (worn)
Jewellery
 t - a ring of flight
Wands
 r - a wand of paralysis (11)
Scrolls
 c - a scroll of identify {unknown}
 e - a scroll of enchant armour {unknown}
 m - a scroll of amnesia {unknown}
 o - a scroll of blinking {unknown}
 q - a scroll of silence {unknown}
Potions
 b - a potion of attraction {unknown}
 d - 2 potions of resistance {unknown}
 f - a potion of curing {unknown}
 h - a potion of brilliance {unknown}
 j - a potion of berserk rage {unknown}
 k - 2 potions of mutation {unknown}
 n - a potion of ambrosia {unknown}
 s - a potion of cancellation {unknown}


   Skills:
 * Level 2.3 Fighting
 + Level 1.0 Armour
 * Level 2.4 Dodging
 * Level 5.1 Stealth
 * Level 2.9 Spellcasting
 + Level 1.8 Transmutations
 * Level 5.1 Poison Magic
 * Level 0.3 Evocations


You couldn't memorise any spells.
You knew the following spells:

 Your Spells              Type           Power      Damage    Failure   Level
a - Sting                 Tmut/Pois      48%        1d5       4%          1
b - Poisonous Vapours     Pois/Air       18%        N/A       11%         2
c - Mephitic Cloud        Conj/Pois/Air  7%         N/A       30%         3
d - Olgreb's Toxic Radia  Pois           17%        N/A       24%         4

Your spell library contained the following spells:

 Spells                   Type           Power      Damage    Failure   Level


Dungeon Overview and Level Annotations

Branches:
Dungeon (4/15)
 Temple: D:4-7

Altars:
Cheibriados
Gozag
Vehumet
Xom

Annotations:
D:4 exclusion: necrophage


Innate Abilities, Weirdness & Mutations

Your serpentine skin is tough. (AC +2)
You have supernaturally acute eyesight. (SInv)
Armour fits poorly on your strangely shaped body.
Your system is resistant to poisons. (rPois)
You cover ground very slowly.
You can spit poison.
You have a snake-like lower body.


Message History

Your magical contamination has completely faded away.
The hound bites you but does no damage.
Aiming: Spit Poison (1% risk of failure)
Press: ? - help, Shift-Dir - straight line, p - ogre The splash of poison hits the hound!
The hound is poisoned.
You kill the hound!
Unknown command.
Unknown command.
Casting: Mephitic Cloud (dangerous; 30% risk of failure)
Confirm with . or Enter, or press ? or * to list all spells.
Aiming: Poisonous Vapours (safe; 11% risk of failure)
Press: ? - help, Dir - move target, f - ogre
Aim: an ogre, wielding a +0 giant club (moderately wounded, poisoned) Poisonous vapours surround the ogre!
The ogre looks even sicker.
The ogre hits you with a +0 giant club!!
Unknown command.
The ogre barely misses you.
You have got your breath back.
Casting: Poisonous Vapours (safe; 11% risk of failure)
Confirm with . or Enter, or press ? or * to list all spells.
Aiming: Sting (safe; 4% risk of failure)
Press: ? - help, Shift-Dir - straight line, f/p - ogre
Aim: an ogre, wielding a +0 giant club (heavily wounded, poisoned, 86% to hit)
The sting misses the ogre.
The ogre hits you with a +0 giant club!
* * * LOW HITPOINT WARNING * * *
Unknown command.
The ogre looks more healthy.
The ogre barely misses you.
Press: ? - help, v - describe, . - travel
Here: an ogre, wielding a +0 giant club (severely wounded)
The floor.
Casting: Sting (safe; 4% risk of failure)
Confirm with . or Enter, or press ? or * to list all spells.
Aiming: Sting (safe; 4% risk of failure)
Press: ? - help, Shift-Dir - straight line, f/p - ogre
Aim: an ogre, wielding a +0 giant club (severely wounded, 86% to hit)
The sting hits the ogre but does no damage.
The ogre is poisoned.
The ogre is severely wounded.
The ogre hits you with a +0 giant club!
You die...

.####............######
#.# .)...............#
#.# ...............P.#
#.# .....##'###......#
#.# .....##.# #......#
#.# .....##.# #...._.#
#.# .....##.# ####...#
#.# .....##.# #.O.# #.#
.....# #.P@# #.# #.P.#
#.# #.P.# #.# #...# #.#
#...# #.# . #...# #.#
.. ######.P.# ######.#
... #........#
#......## ....
#[.....P.# #......#.


You could see an ogre (poisoned).

Vanquished Creatures
  A hound (D:4)
  A bullfrog skeleton (D:4)
  4 gnolls
  8 adders
  A white imp (D:3)
  2 worms (D:2)
  5 dart slugs
  13 orcs
  8 ball pythons
  8 bats
  7 endoplasms
  A giant cockroach (D:2)
  9 goblins
  6 hobgoblins
  6 kobolds
  2 quokkas
  3 frilled lizards
  8 rats
93 creatures vanquished.

Vanquished Creatures (others)
  5 fungi (D:4)
  A plant (D:1)
6 creatures vanquished.

Grand Total: 99 creatures vanquished

Notes
Turn   | Place    | Note
-------+----------+-------------------------------------------
     0 | D:1      | Zeld the Naga Venom Mage began the quest for the Orb.
     0 | D:1      | Reached XP level 1. HP: 15/15 MP: 3/3
   137 | D:1      | Found a faded altar of an unknown god.
   361 | D:1      | Reached XP level 2. HP: 8/24 MP: 0/5
   566 | D:1      | Learned a level 2 spell: Poisonous Vapours
  1210 | D:1      | Reached XP level 3. HP: 30/30 MP: 1/6
  1224 | D:1      | Learned a level 3 spell: Mephitic Cloud
  1617 | D:2      | Reached skill level 1 in Fighting
  2232 | D:2      | Reached XP level 4. HP: 30/38 MP: 0/7
  3649 | D:3      | Found a shimmering altar of Xom.
  3778 | D:3      | Reached XP level 5. HP: 40/45 MP: 0/8
  3922 | D:3      | Found a radiant altar of Vehumet.
  4513 | D:3      | Found an opulent altar of Gozag.
  5826 | D:4      | Noticed a necrophage
  6190 | D:3      | Reached skill level 1 in Armour
  6343 | D:4      | Reached XP level 6. HP: 34/52 MP: 1/10
  6348 | D:4      | Learned a level 4 spell: Olgreb's Toxic Radiance
  6493 | D:4      | Reached skill level 5 in Poison Magic
  6500 | D:4      | Found a snail-covered altar of Cheibriados.
  6546 | D:4      | Reached skill level 5 in Stealth
  6831 | D:4      | Slain by an ogre

Illustrated notes

Levels and vault maps discovered:
D:1:      doesnt_arrival_eight_statues, layout_basic,
          shapermc_ecumenical_altar_totnotflames, chequers_big_river,
          minmay_tromino_i4
D:2:      layout_loops_ring, hangedman_feature_mirror
D:3:      layout_loops_corners, marbit_many_paths, fiery_altar_vehumet,
          mainiacjoe_overflow_cross_hatched
D:4:      layout_basic, mainiacjoe_overflow_boulevard, temple_hall

Skill      XL: |  1  2  3  4  5  6 |
---------------+-------------------+-----
Fighting       | 1 2 |  2.3
Dodging        | 2 |  2.4
Stealth        | 4 5 |  5.1
Armour         | 1 |  1.0
Poison Magic   | 5 |  5.1
Spellcasting   | |  2.9
Transmutations | |  1.8
Evocations     | |  0.3

Action                   |  1- 3 |  4- 6 || total
-------------------------+-------+-------++-------
Melee: Unarmed           |    38 |    38 ||    76
       Punch             |     1 |     3 ||     4
       Dagger            |       |   104 ||   104
 Cast: Sting             |    49 |    44 ||    93
       Poisonous Vapours |     9 |    43 ||    52
 Abil: Spit Poison       |     8 |     5 ||    13
 Stab: Sleeping          |       |     7 ||     7
Armor: Robe              |    19 |    88 ||   107
Dodge: Dodged            |    47 |    98 ||   145
